 Dungeon Crawl Stone Soup version 0.30-a0-840-ga523dec638 (webtiles) character file.

Game seed: 8818592083434297897

81 avis the Slasher (level 4, 0/38 HPs)
             Began as a Demigod Warper on Mar 2, 2023.
             Slain by an orc
             ... wielding a +0 club
              (2 damage)
             ... on level 2 of the Dungeon.
             The game lasted 00:10:31 (1755 turns).

avis the Slasher (Demigod Warper)                   Turns: 1755, Time: 00:10:31

Health: 0/38       AC:  3    Str: 10 (12) XL:     4   Next: 0%
Magic:  9/9        EV: 11    Int: 14 (15) God:
Gold:   35         SH:  0    Dex: 14 (17) Spells: 6/6 levels left

rFire   . . .      SeeInvis .    a - +0 falchion
rCold   . . .      Faith    .    (no shield)
rNeg    . . .      Spirit   .    b - +0 leather armour
rPois   .          Reflect  .    (no helmet)
rElec   .          Harm     .    (no cloak)
rCorr   .          Rampage  .    (no gloves)
Will    .....                    (no boots)
Stlth   +                        (no amulet)
HPRegen 0.26/turn                t - ring of flight
MPRegen 0.11/turn                (no ring)

@: flying
A: high MP 1, forlorn, divine attributes
a: no special abilities


You were on level 2 of the Dungeon.
You visited 1 branch of the dungeon, and saw 3 of its levels.

You collected 68 gold pieces.
You spent 33 gold pieces at shops.

Inventory:

Hand Weapons
 a - a +0 falchion (weapon)
Missiles
 d - 7 boomerangs of dispersal (quivered)
 m - 5 datura-tipped darts
Armour
 b - a +0 leather armour (worn)
 j - a +0 chain mail
Jewellery
 t - a ring of flight (left hand)
Scrolls
 c - a scroll of blinking
 e - a scroll of poison {unknown}
 f - 2 scrolls of teleportation {unknown}
 g - 2 scrolls of identify {unknown}
 i - a scroll of torment {unknown}
 o - a scroll of immolation {unknown}
 r - a scroll of fear {unknown}
Potions
 h - a potion of cancellation {unknown}
 k - a potion of might {unknown}
 l - a potion of attraction {unknown}
 n - a potion of degeneration
 p - a potion of flight
 s - a potion of mutation {unknown}


   Skills:
 - Level 3.0 Fighting
 * Level 3.2 Long Blades
 - Level 0.8 Throwing
 - Level 0.8 Armour
 - Level 2.0 Dodging
 - Level 1.7 Spellcasting
 - Level 2.6 Translocations


You had 6 spell levels left.
You didn't know any spells.
Your spell library contained the following spells:

 Spells                   Type           Power      Damage    Failure   Level
 Blink                    Tloc           16%        N/A       17%         2
 Lesser Beckoning         Tloc           16%        N/A       17%         2
 Teleport Other           Tloc           8%         N/A       32%         3
 Vhi's Electric Charge    Tloc/Air       8%         N/A       50%         3
 Manifold Assault         Tloc           8%         N/A       73%         4


Dungeon Overview and Level Annotations

Branches:
Dungeon (3/15)

Shops:
D:1 !


Innate Abilities, Weirdness & Mutations

You have an increased reservoir of magic. (+10% MP)
You shall have no god before yourself.
Your divine heritage dramatically boosts your attributes as you level up.


Message History

You barely miss the adder.
The adder is severely wounded.
You feel sick. The orc barely misses you. The adder barely misses you.
The orc misses you.
You hit the adder.
You kill the adder!
You feel sick.
You have reached level 4!
You hit the orc but do no damage.
You feel sick.
You are no longer poisoned.
You hit the orc but do no damage. The orc barely misses you.
You hit the orc.
The orc is moderately wounded.
The orc hits you but does no damage. The orc hits you with a +0 hand axe!
* * * LOW HITPOINT WARNING * * *
You feel better. The orc barely misses you. The orc closely misses you.
You closely miss the orc.
The orc is moderately wounded.
The orc closely misses you. The orc hits you with a +0 hand axe.
* * * LOW HITPOINT WARNING * * *
You hit the orc but do no damage.
The orc is moderately wounded.
The orc barely misses you. The orc hits you with a +0 hand axe.
* * * LOW HITPOINT WARNING * * *
You closely miss the orc.
The orc is moderately wounded.
The orc hits you with a +0 club.
* * * LOW HITPOINT WARNING * * *
The orc hits you with a +0 hand axe.
* * * LOW HITPOINT WARNING * * *
It was a potion of degeneration.
There was something very wrong with that liquid.
You feel weakened.
You feel dopey.
You feel clumsy. The orc hits you with a +0 club.
* * * LOW HITPOINT WARNING * * *
The orc closely misses you.
It was a potion of flight.
You feel more buoyant. The orc hits you with a +0 club.
You die...

##### #...# ##.#.#
#....# #..###
#####..###########
...............o@#
.......#.##.####o#
...............go#
.......#....#...o#
.......######.#..#
.......# ##....#
.......# #.....###
.......# #.#...#.#
.......#
#.....#.##


You could see 4 orcs and a goblin.

Vanquished Creatures
  2 adders (D:2)
  A worm (D:2)
  A dart slug (D:1)
  An orc (D:2)
  5 ball pythons
  5 endoplasms
  6 giant cockroaches
  4 goblins
  6 hobgoblins
  2 quokkas
  6 bats
  4 frilled lizards
  3 kobolds
  11 rats
57 creatures vanquished.

Notes
Turn   | Place    | Note
-------+----------+-------------------------------------------
     0 | D:1      | avis the Demigod Warper began the quest for the Orb.
     0 | D:1      | Reached XP level 1. HP: 17/17 MP: 5/5
   212 | D:1      | Reached XP level 2. HP: 22/24 MP: 7/7
   516 | D:1      | Found Gixin's Distillery.
   835 | D:2      | Reached XP level 3. HP: 29/29 MP: 8/8
  1140 | D:1      | Bought a potion of curing for 33 gold pieces
  1747 | D:2      | Reached XP level 4. HP: 14/38 MP: 9/9
  1755 | D:2      | Slain by an orc

Illustrated notes

Levels and vault maps discovered:
D:1:      dpeg_arrival_three_same_balls, layout_loops_ring, serial_shops, shop,
          grunt_decor_junction
D:2:      layout_basic
D:3:      layout_basic

Skill      XL: |  1  2  3 |
---------------+----------+-----
Fighting       | 2 3 |  3.0
Long Blades    | 2 3 |  3.2
Dodging        | 2 |  2.0
Throwing       | |  0.8
Armour         | |  0.8
Spellcasting   | |  1.7
Translocations | |  2.6

Action                     |  1- 3 |  4- 6 || total
---------------------------+-------+-------++-------
  Melee: Falchion          |   171 |     6 ||   177
         Punch             |     4 |       ||     4
    Use: Potion            |       |     3 ||     3
   Stab: Sleeping          |     3 |       ||     3
 Armour: Leather armour    |    52 |     1 ||    53
  Dodge: Dodged            |   131 |     6 ||   137

Table legend: (Time is in decaauts)
 A = Elapsed time spent in this place.
 B = Non-inter-level travel time spent in this place.
 C = Inter-level travel time spent in this place.
 D = Time resting spent in this place.
 E = Time spent auto-exploring this place.
 F = Levels seen in this place.
 G = Mean time per level.
                   A        B        C        D        E       F      G
               +--------+--------+--------+--------+--------+-----+--------+
         Total |   1788 |   1453 |    335 |    103 |    759 |   3 |  596.0 |
       Dungeon |   1788 |   1453 |    335 |    103 |    759 |   3 |  596.0 |
               +--------+--------+--------+--------+--------+-----+--------+

Top non-repeatable levels by time:
     D:1: 1054 daAuts
     D:2: 679 daAuts
     D:3: 54 daAuts
